[Event "13th Senioren-Cup Tegernsee 2025"]
[Site "Rottach-Egern"]
[Date "2025.04.01"]
[Round "4.1"]
[White "Cordts, Ingo"]
[Black "Schneider-Zinner, Harald"]
[Result "1/2-1/2"]
[Annotator "RC"]
[ECO "E08"]
[WhiteElo "2151"]
[BlackElo "2327"]
[PlyCount "102"]
[EventDate "2025.03.25"]
[EventType "swiss"]
[EventCountry "GER"]
[SourceTitle "playchess.com"]
[Source "ChessBase"]
[SourceQuality "1"]
[TimeControl "9000+30"]

1. Nf3 Nf6 2. c4 e6 3. g3 d5 4. d4 Bb4+ 5. Bd2 Be7 6. Bg2 O-O 7. O-O c6 8. Qc2 Nbd7 9. Bf4 a5 10. b3 b6 11. Ne5 Bb7 12. Rd1 Rc8 13. Nc3 Nxe5 14. Bxe5 Ba6 15. e4 dxc4 16. Qe2 Bb4 17. Na4 Bb5 18. Bxf6 gxf6 19. a3 Bxa4 20. bxa4 Bc3 21. Rac1 Bxd4 22. Rxc4 c5 23. Rd3 Kh8 24. Bf1 Qe7 25. Rb3 Rc6 26. Qh5 Qd6 27. Bd3 Qe5 28. Qf3 Rd8 29. Rc1 Qg5 30. Rc2 Rcd6 31. Kg2 Be5 32. Qe2 Rd4 33. h4 Qg7 34. Bc4 Bc7 35. Qf3 Qg6 36. Re3 Be5 37. Re1 Qh6 38. Re3 Qf8 39. Qh5 Rd2 40. Rxd2 Rxd2 41. Rd3 Rxd3 42. Bxd3 Bb2 43. g4 Qg7 44. f4 h6 45. f5 exf5 46. Qxf5 Be5 47. Qc8+ Kh7 48. Qf5+ Qg6 49. h5 Qxf5 50. exf5 Kg7 51. Kf3 Kf8 1/2-1/2

[Event "13th Senioren-Cup Tegernsee 2025"]
[Site "Rottach-Egern"]
[Date "2025.04.01"]
[Round "4.3"]
[White "Hess, Christian"]
[Black "Mueller, Matthias-Michael"]
[Result "1/2-1/2"]
[Annotator "RC"]
[ECO "E16"]
[WhiteElo "2168"]
[BlackElo "2307"]
[PlyCount "32"]
[EventDate "2025.03.25"]
[EventType "swiss"]
[EventCountry "GER"]
[SourceTitle "playchess.com"]
[Source "ChessBase"]
[SourceQuality "1"]
[TimeControl "9000+30"]

1. c4 e6 2. g3 d5 3. Bg2 Nf6 4. Nf3 Bd6 5. O-O b6 6. Nc3 Bb7 7. d4 Nbd7 8. cxd5 exd5 9. Nb5 Ne4 10. Nxd6+ Nxd6 11. Bf4 Nf6 12. Rc1 O-O 13. Ne5 Re8 14. Qc2 Re7 15. Bg5 Nde8 16. Bf4 h6 1/2-1/2

[Event "13th Senioren-Cup Tegernsee 2025"]
[Site "Rottach-Egern"]
[Date "2025.04.01"]
[Round "4.4"]
[White "Pieper, Thomas"]
[Black "Schober, Ralf"]
[Result "1-0"]
[Annotator "RC"]
[ECO "B00"]
[WhiteElo "2178"]
[BlackElo "2077"]
[PlyCount "69"]
[EventDate "2025.03.25"]
[EventType "swiss"]
[EventCountry "GER"]
[SourceTitle "playchess.com"]
[Source "ChessBase"]
[SourceQuality "1"]
[TimeControl "9000+30"]

1. e4 Nc6 2. Nf3 d6 3. d4 Nf6 4. c3 a6 5. h3 g6 6. Be3 Bg7 7. Bd3 O-O 8. O-O e5 9. d5 Ne7 10. c4 Nh5 11. Nc3 Nf4 12. Ne1 Bd7 13. c5 Qc8 14. Rc1 Qb8 15. b4 f5 16. Bc4 Kh8 17. f3 Qe8 18. a4 Bh6 19. Kh2 g5 20. b5 Qh5 21. c6 bxc6 22. dxc6 axb5 23. cxd7 bxc4 24. Nb5 fxe4 25. Nxc7 Qg6 26. Nxa8 Rxa8 27. fxe4 Rd8 28. Rxc4 Rxd7 29. Qg4 Rb7 30. a5 Qf7 31. a6 Rb2 32. Rc7 Qe8 33. a7 Ra2 34. Bxf4 gxf4 35. Qe6 1-0

[Event "13th Senioren-Cup Tegernsee 2025"]
[Site "Rottach-Egern"]
[Date "2025.04.01"]
[Round "4.5"]
[White "Pollmann, Sascha"]
[Black "Loew, Gerald"]
[Result "1/2-1/2"]
[Annotator "RC"]
[ECO "E04"]
[WhiteElo "2071"]
[BlackElo "2175"]
[PlyCount "25"]
[EventDate "2025.03.25"]
[EventType "swiss"]
[EventCountry "GER"]
[SourceTitle "playchess.com"]
[Source "ChessBase"]
[SourceQuality "1"]
[TimeControl "9000+30"]

1. Nf3 d5 2. g3 c5 3. Bg2 Nc6 4. d4 Nf6 5. O-O e6 6. c4 dxc4 7. dxc5 Qxd1 8. Rxd1 Bxc5 9. Nbd2 c3 10. bxc3 O-O 11. Nb3 Be7 12. c4 Bd7 13. Bb2 1/2-1/2

[Event "13th Senioren-Cup Tegernsee 2025"]
[Site "Rottach-Egern"]
[Date "2025.04.01"]
[Round "4.6"]
[White "Belkahia, Tijani"]
[Black "Lindam, Ingo"]
[Result "0-1"]
[Annotator "RC"]
[ECO "B49"]
[WhiteElo "2068"]
[BlackElo "2151"]
[PlyCount "116"]
[EventDate "2025.03.25"]
[EventType "swiss"]
[EventCountry "GER"]
[SourceTitle "playchess.com"]
[Source "ChessBase"]
[SourceQuality "1"]
[TimeControl "9000+30"]

1. e4 c5 2. Nf3 e6 3. d4 cxd4 4. Nxd4 Nc6 5. Nc3 Qc7 6. Be3 a6 7. Be2 Nf6 8. O-O Bb4 9. Na4 Be7 10. Nxc6 bxc6 11. Qd4 Rb8 12. c4 e5 13. Qd3 d6 14. h3 O-O 15. f4 c5 16. b3 exf4 17. Bxf4 Re8 18. Nc3 Bb7 19. Nd5 Nxd5 20. exd5 Bf6 21. Rae1 Be5 22. Qf3 Bxf4 23. Qxf4 Re5 24. Bd3 Rbe8 25. Rxe5 Rxe5 26. Qh4 h6 27. Re1 Rxe1+ 28. Qxe1 Kf8 29. Kf2 Qd8 30. Qe4 Qf6+ 31. Qf5 Ke7 32. Ke3 Qd4+ 33. Ke2 Qb2+ 34. Kf3 Qf6 35. Ke3 Qh4 36. Kd2 g6 37. Qe4+ Qxe4 38. Bxe4 Kf6 39. a3 Ke5 40. Kd3 a5 41. Bf3 Bc8 42. Kc3 Bd7 43. b4 axb4+ 44. axb4 cxb4+ 45. Kxb4 Kd4 46. Ka5 Kc5 47. Ka6 Bc8+ 48. Ka7 f5 49. Be2 f4 50. Kb8 Bf5 51. Kc7 Be4 52. Bf1 g5 53. Kd7 h5 54. Ke6 g4 55. Kf6 f3 56. gxf3 Bxf3 57. h4 g3 58. Kg5 g2 0-1

[Event "13th Senioren-Cup Tegernsee 2025"]
[Site "Rottach-Egern"]
[Date "2025.04.01"]
[Round "4.7"]
[White "Schrems, Hermann"]
[Black "Scheckenbach, Franz"]
[Result "1-0"]
[Annotator "NA RC"]
[ECO "D30"]
[WhiteElo "2114"]
[BlackElo "2045"]
[PlyCount "111"]
[EventDate "2025.03.25"]
[EventType "swiss"]
[EventCountry "GER"]
[SourceTitle "playchess.com"]
[Source "ChessBase"]
[SourceQuality "1"]
[TimeControl "9000+30"]

1. d4 Nf6 2. Nf3 d5 3. g3 e6 4. Bg2 c5 5. O-O Nc6 6. c4 cxd4 7. Nxd4 Bc5 8. Nb3 Bb6 {[%emt 0:00:30] outshines the older 8...Be7.} 9. cxd5 exd5 10. Bg5 {[%emt 0:00:00] D30: Queen's Gambit Declined: Systems without Nc3.} d4 11. N1d2 h6 12. Bxf6 Qxf6 13. Rc1 (13. Nc4 $14) 13... O-O 14. Ne4 Qe7 15. Nec5 Re8 16. Re1 Na5 $146 ({Predecessor:} 16... h5 17. Nxb7 Bxb7 18. Bxc6 Bxc6 19. Rxc6 h4 20. Qd3 hxg3 21. hxg3 Rad8 22. Rc2 Rd5 {½-½ Kosteniuk,A (2501)-Makaraci,T (2238) Titled Tuesday intern op 05th Dec Late blitz 2023 (2)}) 17. Qxd4 Nxb3 18. axb3 Rd8 19. Qc3 Bxc5 20. Qxc5 Qxc5 21. Rxc5 Rd2 22. Rd5 Rxd5 23. Bxd5 Be6 24. Bxe6 fxe6 25. Rc1 Rd8 26. Rc2 Rd6 27. Kg2 Kf8 28. Rc8+ Ke7 29. Rc7+ Kf6 30. Rxb7 Rd2 31. Rxa7 Rxe2 32. Ra2 Re5 33. b4 $16 Rb5 34. Ra4 e5 35. Kf3 h5 36. Ke4 g6 37. h4 Ke6 38. f3 Rb6 39. b3 Rb5 40. Kd3 Rb8 41. Ke3 Rb5 42. f4 exf4+ 43. Kxf4 Rf5+ 44. Ke4 Rb5 45. Kd4 Rb8 46. Ra6+ Kf5 47. Ra5+ Kf6 48. Kc4 Re8 49. Rg5 Rc8+ 50. Kd4 Rd8+ 51. Rd5 Rb8 52. b5 Ke6 53. Kc4 Rc8+ 54. Rc5 Rb8 55. b4 Rd8 56. b6 1-0

[Event "13th Senioren-Cup Tegernsee 2025"]
[Site "Rottach-Egern"]
[Date "2025.04.01"]
[Round "4.8"]
[White "Freundorfer, Josef"]
[Black "Kannenberg, Karl-Heinz"]
[Result "1/2-1/2"]
[Annotator "RC"]
[ECO "B12"]
[WhiteElo "2068"]
[BlackElo "2113"]
[PlyCount "35"]
[EventDate "2025.03.25"]
[EventType "swiss"]
[EventCountry "GER"]
[SourceTitle "playchess.com"]
[Source "ChessBase"]
[SourceQuality "1"]
[TimeControl "9000+30"]

1. e4 c6 2. d4 d5 3. e5 Bf5 4. h4 Qc7 5. Nc3 h5 6. Be2 g6 7. Nf3 Bg4 8. Ng5 Bxe2 9. Nxe2 e6 10. O-O Nh6 11. c4 Nf5 12. g3 Be7 13. b3 Qd7 14. Re1 Na6 15. a3 b6 16. Qd3 Nc7 17. Bf4 Rd8 18. Rec1 1/2-1/2

[Event "13th Senioren-Cup Tegernsee 2025"]
[Site "Rottach-Egern"]
[Date "2025.04.01"]
[Round "4.9"]
[White "Polster, Wolfgang"]
[Black "Kirszenberg, Marc"]
[Result "1/2-1/2"]
[Annotator "RC"]
[ECO "B12"]
[WhiteElo "2106"]
[BlackElo "2066"]
[PlyCount "28"]
[EventDate "2025.03.25"]
[EventType "swiss"]
[EventCountry "GER"]
[SourceTitle "playchess.com"]
[Source "ChessBase"]
[SourceQuality "1"]
[TimeControl "9000+30"]

1. e4 c6 2. d4 d5 3. e5 Bf5 4. Nf3 e6 5. Be2 c5 6. O-O Nc6 7. c3 Bg6 8. a3 cxd4 9. cxd4 Nge7 10. Nc3 Nc8 11. Be3 Nb6 12. Nd2 Be7 13. Na4 O-O 14. b4 Nxa4 1/2-1/2

[Event "13th Senioren-Cup Tegernsee 2025"]
[Site "Rottach-Egern"]
[Date "2025.04.01"]
[Round "4.10"]
[White "Brettschneider, Karl"]
[Black "Schoetzig, Detlef"]
[Result "0-1"]
[Annotator "RC"]
[ECO "A29"]
[WhiteElo "1986"]
[BlackElo "2106"]
[PlyCount "42"]
[EventDate "2025.03.25"]
[EventType "swiss"]
[EventCountry "GER"]
[SourceTitle "playchess.com"]
[Source "ChessBase"]
[SourceQuality "1"]
[TimeControl "9000+30"]

1. c4 e5 2. Nc3 Nf6 3. g3 d5 4. cxd5 Nxd5 5. Bg2 Nb6 6. Nf3 Nc6 7. O-O Be7 8. d3 O-O 9. Nd2 Be6 10. b3 Qd7 11. Nc4 Rad8 12. Bb2 Bh3 13. Nxb6 axb6 14. Nd5 Bc5 15. Bxh3 Qxh3 16. Nxc7 Rd6 17. Bc1 f5 18. e3 Rh6 19. Re1 f4 20. Qf3 Qxh2+ 21. Kf1 fxg3 0-1